 Dungeon Crawl Stone Soup version 0.26-a0-835-g8259106e14 (webtiles) character file.

Game seed: 6612397569581944020

1890 jasper the Chopper (level 8, -13/74 HPs)
             Began as a Palentonga Berserker on Nov 17, 2020.
             Was an Elder of Trog.
             Mangled by an orc warrior
             ... wielding a +0 glaive
              (17 damage)
             ... on level 7 of the Dungeon.
             The game lasted 00:07:54 (5300 turns).

jasper the Chopper (Palentonga Berserker)           Turns: 5300, Time: 00:07:54

Health: -13/74     AC: 15    Str: 23    XL:     8   Next: 92%
Magic:  8/8        EV:  4    Int:  8    God:    Trog [****..]
Gold:   193        SH: 21    Dex:  9    Spells: 7/7 levels left

rFire    + . .     SeeInvis +   J - +0 war axe
rCold    + + .     Faith    .   B - +8 tower shield of Vampiric Thralls {rC+ Regen+}
rNeg     . . .     Spirit   .   r - +0 scale mail
rPois    +         Reflect  .   (no helmet)
rElec    .         Harm     .   e - scarf {rC+ rF+}
rCorr    .         Rampage  .   m - +0 pair of gloves
MR       ++...                  (no barding)
Stlth    ..........             C - amulet of regeneration
HPRegen  2.02/turn              i - ring of poison resistance
MPRegen  0.11/turn              H - ring of attention (curse)

@: about to teleport, berserk cooldown, regenerating, slowed, lightly drained,
curled up, very slow
A: large, rugged brown scales 3, see invisible, deformed body, roll 1, armoured
tail, reflexive curl
a: Rolling Charge, Berserk, Trog's Hand, Brothers in Arms, Renounce Religion


You were on level 7 of the Dungeon.
You worshipped Trog.
Trog was greatly pleased with you.
You visited 1 branch of the dungeon, and saw 7 of its levels.

You collected 505 gold pieces.
You spent 312 gold pieces at shops.

Inventory:

Hand Weapons
 a - a +0 hand axe
 J - a +0 war axe (weapon)
Missiles
 c - 192 stones
 j - 19 poisoned darts (quivered)
 s - 3 boomerangs
Armour
 b - a +0 animal skin
 e - a scarf of resistance (worn)
 m - a +0 pair of gloves (worn)
 r - a +0 scale mail (worn)
 y - a +0 plate armour
 B - the +8 tower shield of Vampiric Thralls (worn) {rC+ Regen+}
   (You found it on level 5 of the Dungeon)

   It protects you from cold.
   It increases your rate of regeneration.
Jewellery
 i - a ring of poison resistance (left hand)
 C - an amulet of regeneration (around neck)
 H - a cursed ring of attention (right hand)
Wands
 t - a wand of random effects (22)
 F - a wand of iceblast (16)
 G - a wand of paralysis (9)
Scrolls
 h - 4 scrolls of enchant weapon
 n - 2 scrolls of amnesia
 o - a scroll of random uselessness {unknown}
 q - a scroll of enchant armour {unknown}
 v - 3 scrolls of noise {unknown}
 w - 3 scrolls of magic mapping {unknown}
 z - a scroll of remove curse {unknown}
 I - a scroll of fear {unknown}
Potions
 k - 2 potions of mutation
 l - a potion of haste {unknown}
 p - a potion of heal wounds {unknown}
 u - 4 potions of degeneration {unknown}
 x - 2 potions of magic {unknown}
 A - a potion of lignification {unknown}
 D - a potion of berserk rage {unknown}
 E - a potion of invisibility {unknown}


   Skills:
 + Level 5.9(5.4) Fighting
 * Level 7.9(7.4) Axes
 + Level 4.5(4.0) Armour
 - Level 3.5(3.1) Dodging
 + Level 2.5(2.0) Shields
 + Level 0.2(0.0) Evocations


You had 7 spell levels left.
You didn't know any spells.
Your spell library was empty.

Dungeon Overview and Level Annotations

Branches:
Dungeon (7/15)             Temple (0/1) D:6

Altars:
Dithmenos
Elyvilon
Xom

Shops:
D:6 }

Annotations:
D:4 1 runed translucent door, Zonian's ghost, amateur SpWr


Innate Abilities, Weirdness & Mutations

You are completely covered in rugged brown scales. (AC +3, +7% HP)
You have supernaturally acute eyesight. (SInv)
Armour fits poorly on your strangely shaped body.
You can roll at nearby foes to attack.
You have a long armoured tail.
You curl defensively after being hit.


Message History

The orc warrior hits you but does no damage.
The orc hits you but does no damage. The orc wizard barely misses you.
The killer bee stings you but does no damage.
The killer bee stings you.
* * * LOW HITPOINT WARNING * * *
The orc hits you but does no damage. Space bends around you.
* * * LOW HITPOINT WARNING * * *
The wyvern skeleton bites you.
* * * LOW HITPOINT WARNING * * *
The orc hits you but does no damage.
You take 4 damage, and have 1/74 hp.
Unknown command.
Evoke which item? (* to show all) (? for menu, Esc to quit)
Press: ? - help, Shift-Dir - straight line, f - orc
Aim: an orc, wielding a +2 hand axe of distortion and wearing a cursed +0 leather armour (chance to defeat MR: 63%)
The orc resists with significant effort.
The killer bee stings you but does no damage. x2
You block the killer bee's attack. You block the orc wizard's attack.
The orc warrior hits you with a +0 glaive!
You die...

. .## ..#
######.##
#.......# (.
#.......# ....
#....Zoo#.....
#....y@o.#
#....yo#.##
##....))# .#
.........# .##
)#.......##..##.#
...............$#
.#.#######.#
#.##......#
#.#......##


You could see an orc warrior, 2 killer bees, an orc wizard, 2 orcs and a wyvern
skeleton.

Vanquished Creatures
  Grinder (D:4)
  Eustachio (D:4)
  A sky beast (D:6)
  An orc warrior (D:5)
  2 ogres (D:6)
  2 centaurs (D:6)
  Blork the orc (D:6)
  A gnoll sergeant (D:5)
  2 scorpions
  A killer bee (D:7)
  A howler monkey (D:5)
  A quasit (D:6)
  A centaur skeleton (D:4)
  4 hounds
  An orc wizard (D:6)
  3 orc priests
  2 jellies
  A bullfrog skeleton (D:5)
  An iguana (D:5)
  2 worker ants
  A hound zombie (D:5)
  A hound skeleton (D:6)
  A worker ant zombie (D:5)
  3 gnolls (D:5)
  An adder (D:5)
  2 shadow imps
  4 white imps
  An ufetubus (D:7)
  4 oozes
  An adder skeleton (D:4)
  A worm (D:2)
  2 dart slugs
  6 leopard geckos
  17 orcs
  2 ball pythons
  10 bats
  3 giant cockroaches
  5 goblins
  14 hobgoblins
  11 jackals
  A quokka (D:3)
  5 frilled lizards
  7 kobolds
  A quokka skeleton (D:4)
  A quokka zombie (D:5)
  10 rats
145 creatures vanquished.

Vanquished Creatures (others)
  4 toadstools (D:1)
4 creatures vanquished.

Grand Total: 149 creatures vanquished

Notes
Turn   | Place    | Note
-------+----------+-------------------------------------------
     0 | D:1      | jasper the Palentonga Berserker began the quest for the
                  | Orb.
     0 | D:1      | Reached XP level 1. HP: 20/20 MP: 1/1
   119 | D:1      | Reached XP level 2. HP: 22/27 MP: 2/2
   405 | D:1      | Reached ** piety under Trog
   406 | D:1      | Reached XP level 3. HP: 33/33 MP: 3/3
   914 | D:2      | Found a white marble altar of Elyvilon.
  1575 | D:3      | Reached XP level 4. HP: 32/40 MP: 4/4
  1844 | D:3      | Found a shimmering altar of Xom.
  1859 | D:3      | Reached skill level 4 in Axes
  1993 | D:3      | Reached *** piety under Trog
  2430 | D:4      | Noticed Eustachio
  2448 | D:4      | Killed Eustachio
  2449 | D:4      | Reached XP level 5. HP: 39/49 MP: 5/5
  2449 | D:4      | Reached XP level 6. HP: 44/55 MP: 6/6
  2704 | D:4      | Reached skill level 5 in Axes
  2743 | D:4      | Found a runed translucent door.
  2849 | D:4      | Noticed Grinder
  2867 | D:4      | Killed Grinder
  2868 | D:4      | Gained mutation: You curl defensively after being hit.
                  | [Palentonga growth]
  2868 | D:4      | Reached XP level 7. HP: 43/64 MP: 7/7
  3106 | D:4      | Found a shadowy altar of Dithmenos.
  3268 | D:4      | Noticed Zonian's ghost (amateur SpWr)
  3293 | D:5      | Entered Level 5 of the Dungeon
  3389 | D:5      | Reached skill level 6 in Axes
  3624 | D:5      | Got a jewelled tower shield
  3630 | D:5      | Identified the +8 tower shield of Vampiric Thralls {rC+
                  | Regen+} (You found it on level 5 of the Dungeon)
  3810 | D:5      | Reached skill level 5 in Fighting
  4001 | D:5      | Reached XP level 8. HP: 72/72 MP: 8/8
  4021 | D:5      | Reached **** piety under Trog
  4539 | D:6      | Noticed Blork the orc
  4586 | D:5      | Reached skill level 1 in Shields
  4714 | D:6      | Killed Blork the orc
  4717 | D:6      | Reached skill level 7 in Axes
  4757 | D:6      | Found a staircase to the Ecumenical Temple.
  4765 | D:6      | Found Ziunuzig's Gadget Shop.
  4816 | D:6      | Bought a wand of iceblast (8) for 156 gold pieces
  4816 | D:6      | Bought a wand of paralysis (10) for 156 gold pieces
  4994 | D:6      | Found a shimmering altar of Xom.
  5299 | D:7      | HP: 1/74 [wyvern skeleton (4)]
  5300 | D:7      | Mangled by an orc warrior

Illustrated notes

Levels and vault maps discovered:
D:1:      onia_arrival_handbag, layout_basic, minmay_gold_behind_fungi,
          st_stairs_12
D:2:      layout_rooms, elyvilon_altar_3
D:3:      layout_loops_corners, lemuel_doored_altar
D:4:      layout_loops_ring, grunt_dithmenos_smoke, ebering_ghost_sewer_d,
          roderic_roman_lattice, uniq_eustachio, uniq_grinder
D:5:      layout_layer_cave
D:6:      layout_cave_pools, minmay_temple_entry_trees, basic_altar,
          serial_shops, shop, uniq_blork_the_orc
D:7:      layout_basic, okawaru_trees_1

Skill      XL: |  1  2  3  4  5  6  7  8 |
---------------+-------------------------+-----
Armour         | 2 3 4 |  4.5
Dodging        | 2 3 |  3.5
Axes           | 4 5 6 7 |  7.9
Fighting       | 4 5 |  5.9
Shields        | 2 |  2.5
Evocations     | |  0.2

Action                   |  1- 3 |  4- 6 |  7- 9 || total
-------------------------+-------+-------+-------++-------
Melee: Hand axe          |   121 |   106 |   223 ||   450
       Tailslap          |     8 |    16 |    42 ||    66
       War axe           |       |       |    13 ||    13
Throw: Stone             |    26 |       |       ||    26
       Dart              |     2 |     8 |     5 ||    15
Invok: Berserk           |     4 |     3 |     5 ||    12
       Trog's Hand       |       |       |     3 ||     3
 Abil: Rolling Charge    |    19 |     5 |    11 ||    35
Evoke: Wand              |       |       |     1 ||     1
  Use: Scroll            |       |       |     6 ||     6
       Potion            |       |       |     2 ||     2
Armor: Animal skin       |    54 |    10 |       ||    64
       Scale mail        |       |    33 |   132 ||   165
Dodge: Dodged            |    92 |    42 |    58 ||   192
Block: Tower shield      |       |       |   254 ||   254

Table legend: (Time is in decaauts)
 A = Elapsed time spent in this place.
 B = Non-inter-level travel time spent in this place.
 C = Inter-level travel time spent in this place.
 D = Time resting spent in this place.
 E = Time spent auto-exploring this place.
 F = Levels seen in this place.
 G = Mean time per level.
                   A        B        C        D        E       F      G
               +--------+--------+--------+--------+--------+-----+--------+
         Total |   5447 |   5324 |    123 |    383 |   3916 |   7 |  778.1 |
       Dungeon |   5447 |   5324 |    123 |    383 |   3916 |   7 |  778.1 |
               +--------+--------+--------+--------+--------+-----+--------+

Top non-repeatable levels by time:
     D:5: 1411 daAuts
     D:4: 962 daAuts
     D:1: 921 daAuts
     D:3: 919 daAuts
     D:2: 589 daAuts
     D:6: 545 daAuts
     D:7: 98 daAuts
